[Event "Titled Tuesday Blitz July 4 Early 2023"]
[White "Kosakowski, Jakub"]
[Black "Madaminov, Mukhiddin"]
[WhiteFideId "1185080"]
[BlackFideId "14210703"]
[WhiteElo "2845"]
[BlackElo "3034"]
[Result "1-0"]
[Round "4"]
[TimeControl "180+2"]
[Date "2023.07.04"]
[WhiteClock "0:00:14"]
[BlackClock "0:00:03"]
[Board "7"]

1. e4 c5 2. Nf3 d6 3. d4 cxd4 4. Nxd4 Nf6 5. Nc3 Nc6 6. Bg5 e6 7. Qd3 a6 8. Nxc6 bxc6 9. O-O-O Qa5 10. Qg3 h6 11. Bd2 e5 12. f4 Nh5 13. Qf3 Nxf4 14. Bc4 Be6 15. Nd5 Qd8 16. Bxf4 exf4 17. Rhe1 Rc8 18. Qxf4 Qg5 19. Qxg5 hxg5 20. Bxa6 Rb8 21. Nc7+ Kd7 22. Nxe6 fxe6 23. h3 Be7 24. Bc4 Ra8 25. Rf1 Bf6 26. e5 Bxe5 27. Rf7+ Ke8 28. Bxe6 d5 29. Re1 Bg3 30. Re2 Bf4+ 31. Kb1 d4 32. Rxg7 Be3 33. Bb3 Rf8 34. a4 c5 35. Rxg5 c4 36. Bxc4 Kd8 37. Rd5+ Kc7 38. Bb5 Kb6 39. Ka2 Rfc8 40. c3 dxc3 41. Rxe3 c2 42. Re6+ Kb7 43. Rd7+ Rc7 44. Rxc7+ Kxc7 45. Rc6+ Kb7 46. Rxc2 Kb6 47. Rc6+ Kb7 48. Ra6 Rd8 49. Rf6 Rd4 50. g4 Kc7 51. g5 Rd2 52. g6 Rg2 53. h4 Kb7 54. h5 Rg5 55. h6 Kc7 56. h7 Rh5 57. g7 Rxh7 58. g8=Q Rh4 59. Qg7+ 1-0


[Site "https://www.chess.com"]

[Event "Titled Tuesday Blitz July 4 Early 2023"]
[White "Beerdsen, Thomas"]
[Black "Martinez Alcantara, Jose Eduardo"]
[WhiteFideId "1030108"]
[BlackFideId "3805662"]
[WhiteElo "2836"]
[BlackElo "3028"]
[Result "0-1"]
[Round "4"]
[TimeControl "180+2"]
[Date "2023.07.04"]
[WhiteClock "0:00:00"]
[BlackClock "0:00:22"]
[Board "8"]

1. e4 c5 2. Nf3 d6 3. d4 cxd4 4. Nxd4 a6 5. Nc3 e6 6. h4 b5 7. h5 Bb7 8. h6 g6 9. Bd3 Nd7 10. Be3 Ngf6 11. Qe2 b4 12. Na4 Qa5 13. b3 Be7 14. O-O Nxe4 15. a3 Nc3 16. Nxc3 bxc3 17. Bf4 e5 18. Bg3 O-O 19. f4 Rae8 20. fxe5 Nxe5 21. Bc4 Bg5 22. b4 Qb6 23. Bf2 Qc7 24. Bb3 Nf3+ 25. gxf3 Rxe2 26. Nxe2 Qd7 27. Bg3 Re8 28. Nf4 Qf5 29. Nd3 Be3+ 30. Kh2 Bd2 31. Rf2 Bxh6 32. Raf1 Be3 33. Rg2 Qh5+ 0-1


[Site "https://www.chess.com"]

[Event "Titled Tuesday Blitz July 4 Early 2023"]
[White "Rahman, Masruri"]
[Black "Makarian, Rudik"]
[WhiteFideId "7101163"]
[BlackFideId "44105681"]
[WhiteElo "2828"]
[BlackElo "3005"]
[Result "1-0"]
[Round "4"]
[TimeControl "180+2"]
[Date "2023.07.04"]
[WhiteClock "0:00:10"]
[BlackClock "0:00:00"]
[Board "9"]

1. d4 Nf6 2. Bf4 c5 3. e3 Qb6 4. Nc3 d6 5. Rb1 g6 6. Nf3 Bg7 7. Be2 O-O 8. h3 Bf5 9. O-O a6 10. Re1 Qc7 11. a4 Ne4 12. Nd5 Qd8 13. Bh2 Nc6 14. g4 Bd7 15. c3 Rc8 16. Nd2 Ng5 17. h4 Ne6 18. Bf3 Nc7 19. Nb6 Rb8 20. dxc5 Ne5 21. Bxe5 Bxe5 22. Ndc4 Bg7 23. cxd6 exd6 24. Qxd6 Be6 25. Qxd8 Rfxd8 26. Red1 Bf8 27. a5 Bc5 28. Ne5 Nb5 29. Ned7 Bxd7 30. Nxd7 Rbc8 31. Bxb7 Rc7 32. Nxc5 Rxd1+ 33. Rxd1 Rxc5 34. Bxa6 Nc7 35. Be2 Rxa5 36. Rd8+ Kg7 37. Rd7 Ne8 38. Bc4 Ra1+ 39. Kg2 Kh6 40. Rxf7 Nd6 41. g5+ Kh5 42. Rf4 Nxc4 43. Rxc4 h6 44. gxh6 Kxh6 45. b4 Rb1 46. Rc5 Rb3 47. b5 1-0


[Site "https://www.chess.com"]

[Event "Titled Tuesday Blitz July 4 Early 2023"]
[White "Stribuk, Artiom"]
[Black "Terry, Renato"]
[WhiteFideId "13515659"]
[BlackFideId "3803457"]
[WhiteElo "2825"]
[BlackElo "2994"]
[Result "0-1"]
[Round "4"]
[TimeControl "180+2"]
[Date "2023.07.04"]
[WhiteClock "0:00:00"]
[BlackClock "0:00:05"]
[Board "10"]

1. d4 e6 2. c4 Bb4+ 3. Nd2 Nf6 4. Nf3 a5 5. a3 Bxd2+ 6. Bxd2 b6 7. g3 Bb7 8. Bg2 a4 9. O-O d6 10. Bc3 Nbd7 11. Nd2 Bxg2 12. Kxg2 Qb8 13. e4 O-O 14. Qc2 Rd8 15. Rfe1 Qb7 16. f3 c5 17. d5 e5 18. b3 axb3 19. Qxb3 Ra7 20. a4 Rda8 21. Ra3 Ne8 22. Nf1 h5 23. Ne3 g6 24. Rb1 Qc8 25. Qb5 Nc7 26. Qc6 Ne8 27. Qb5 Qa6 28. Qb3 Nef6 29. h4 Kh7 30. Qb5 Qxb5 31. Rxb5 Rxa4 32. Rab3 Ne8 33. Rb2 Nc7 34. R5b3 Ra2 35. f4 f6 36. Kf3 R8a4 37. f5 g5 38. hxg5 fxg5 39. Rxa2 Rxa2 40. Bb2 g4+ 41. Ke2 Ne8 42. Ng2 Nef6 43. Kd3 Ra6 44. Bc1 Kg7 45. Nh4 Ra1 0-1


[Site "https://www.chess.com"]

[Event "Titled Tuesday Blitz July 4 Early 2023"]
[White "Oparin, Grigoriy"]
[Black "Goltsev, Dmitry"]
[WhiteFideId "24125890"]
[BlackFideId "24176710"]
[WhiteElo "2985"]
[BlackElo "2812"]
[Result "0-1"]
[Round "4"]
[TimeControl "180+2"]
[Date "2023.07.04"]
[WhiteClock "0:00:10"]
[BlackClock "0:00:35"]
[Board "11"]

1. Nf3 d5 2. g3 g6 3. c4 dxc4 4. Na3 Bg7 5. Nxc4 c6 6. Bg2 Nf6 7. O-O O-O 8. d4 Nbd7 9. Re1 Re8 10. e4 Nb6 11. Na5 Nbd5 12. Bd2 Nc7 13. h3 Nd7 14. Bb4 e5 15. d5 cxd5 16. exd5 e4 17. Nh2 f5 18. d6 Ne6 19. Qb3 Kh8 20. Rad1 Ne5 21. f4 Nd3 22. Rxd3 exd3 23. Nf3 Bd7 24. Ne5 Bxe5 25. Rxe5 Qb6+ 26. Kh2 Nd4 27. Qc3 Rxe5 28. fxe5 Rc8 29. Nc4 d2 30. Qxd2 Rxc4 31. Bc3 Be6 32. d7 Qc7 33. Bxd4 Qxd7 34. Qh6 Rxd4 35. Qf8+ Bg8 0-1


[Site "https://www.chess.com"]

[Event "Titled Tuesday Blitz July 4 Early 2023"]
[White "Cabarkapa, Novak"]
[Black "Korobov, Anton"]
[WhiteFideId "943746"]
[BlackFideId "14105730"]
[WhiteElo "2783"]
[BlackElo "2982"]
[Result "0-1"]
[Round "4"]
[TimeControl "180+2"]
[Date "2023.07.04"]
[WhiteClock "0:00:34"]
[BlackClock "0:00:55"]
[Board "12"]

1. d4 Nf6 2. Nc3 d5 3. Bf4 a6 4. e3 Bf5 5. Nf3 e6 6. Ne5 h5 7. Bd3 Bd6 8. Bxf5 exf5 9. Qd3 g6 10. Bg5 Be7 11. O-O-O Nc6 12. f3 Qd6 13. Bf4 Qe6 14. Kb1 O-O-O 15. Rhe1 h4 16. h3 Nh5 17. Nxc6 Qxc6 18. Be5 f6 19. Bh2 Bb4 20. e4 dxe4 21. fxe4 Bxc3 22. Qxc3 Qxc3 23. bxc3 f4 24. e5 g5 25. d5 fxe5 26. Rxe5 Rhg8 27. c4 Ng3 28. c5 Rde8 29. Rde1 Kd8 30. Bxg3 hxg3 31. Kc1 Rxe5 32. Rxe5 f3 33. gxf3 g4 34. hxg4 Re8 0-1


[Site "https://www.chess.com"]

[Event "Titled Tuesday Blitz July 4 Early 2023"]
[White "Indjic, Aleksandar"]
[Black "Fier, Alexandr"]
[WhiteFideId "911925"]
[BlackFideId "2107139"]
[WhiteElo "2977"]
[BlackElo "2782"]
[Result "1-0"]
[Round "4"]
[TimeControl "180+2"]
[Date "2023.07.04"]
[WhiteClock "0:00:52"]
[BlackClock "0:00:37"]
[Board "13"]

1. d4 Nf6 2. c4 c5 3. d5 e6 4. Nc3 exd5 5. cxd5 d6 6. Nf3 g6 7. e4 a6 8. Bf4 Bg4 9. Qa4+ Nbd7 10. Nd2 b5 11. Qc2 Nb6 12. h3 Bc8 13. a4 b4 14. Nd1 a5 15. Bb5+ Bd7 16. Bxd7+ Nfxd7 17. Ne3 Qe7 18. Ndc4 Qf6 19. Bh2 Be7 20. O-O O-O 21. f4 Qg7 22. e5 Rfe8 23. Qd3 Bf8 24. Kh1 f5 25. g4 Nxc4 26. Nxc4 dxe5 27. fxe5 Nxe5 28. Bxe5 Rxe5 29. Nxe5 Qxe5 30. gxf5 Bd6 31. Rf2 Rf8 32. Re2 Qxf5 33. Qxf5 Rxf5 34. Rd1 Kf7 35. Kg2 c4 36. Rf1 Rxf1 37. Kxf1 b3 38. Ke1 Bf4 39. Kd1 Kf6 40. Re4 Be5 41. Kc1 c3 42. bxc3 Bxc3 43. d6 Bb4 44. d7 Be7 45. Kb2 h5 46. Kxb3 g5 47. Kc4 g4 48. hxg4 hxg4 49. Kd5 1-0


[Site "https://www.chess.com"]

[Event "Titled Tuesday Blitz July 4 Early 2023"]
[White "Tristan, Leonardo"]
[Black "Kollars, Dmitrij"]
[WhiteFideId "113816"]
[BlackFideId "12909572"]
[WhiteElo "2775"]
[BlackElo "2958"]
[Result "1-0"]
[Round "4"]
[TimeControl "180+2"]
[Date "2023.07.04"]
[WhiteClock "0:00:03"]
[BlackClock "0:00:00"]
[Board "14"]

1. d4 Nf6 2. Nf3 g6 3. Bf4 Bg7 4. e3 O-O 5. Be2 d6 6. O-O Nfd7 7. e4 e5 8. Bg5 Qe8 9. Nc3 f6 10. Be3 Nc6 11. Nd5 Qd8 12. dxe5 fxe5 13. Bg5 Nf6 14. Bc4 Kh8 15. h3 Na5 16. Be2 Be6 17. Nxf6 Bxf6 18. Bxf6+ Qxf6 19. Nd2 Nc6 20. c3 Ne7 21. Bg4 Bf7 22. Qe2 h5 23. Bf3 Kg7 24. a4 a5 25. Nc4 Rh8 26. Rfd1 g5 27. Ne3 Raf8 28. Qb5 b6 29. Qd7 Rc8 30. Be2 Be6 31. Qb5 g4 32. hxg4 hxg4 33. Bxg4 Qh4 34. f3 Bxg4 35. Nxg4 Rcf8 36. Qd7 Rf7 37. Qxc7 Ng6 38. Qxd6 Qg3 39. Rd3 Rh4 40. Rad1 Kh7 41. Qe6 Kg7 42. Rd6 Nf4 43. Qxe5+ Kh7 44. R1d2 Nh3+ 45. Kf1 Rxf3+ 46. gxf3 Qxf3+ 47. Ke1 Qh1+ 48. Ke2 Qg2+ 49. Kd1 1-0


[Site "https://www.chess.com"]

[Event "Titled Tuesday Blitz July 4 Early 2023"]
[White "Klekowski, Maciej"]
[Black "Chigaev, Maksim"]
[WhiteFideId "1132717"]
[BlackFideId "4108116"]
[WhiteElo "2717"]
[BlackElo "2934"]
[Result "0-1"]
[Round "4"]
[TimeControl "180+2"]
[Date "2023.07.04"]
[WhiteClock "0:00:01"]
[BlackClock "0:00:12"]
[Board "15"]

1. Nf3 Nf6 2. c4 g6 3. g3 Bg7 4. Bg2 O-O 5. O-O d6 6. d3 e5 7. Nc3 Nc6 8. Rb1 a5 9. a3 Nd4 10. Nxd4 exd4 11. Nb5 Nh5 12. e3 dxe3 13. Bxe3 Nf6 14. Qd2 c6 15. Nc3 Ng4 16. Bf4 Ne5 17. Rbe1 Bg4 18. Re3 a4 19. Rfe1 Qa5 20. h3 Be6 21. Qd1 Rfd8 22. Ne4 Bf5 23. Bg5 Bxe4 24. Bxd8 Rxd8 25. Rxe4 h5 26. Qe2 Bf6 27. d4 Nd7 28. Re8+ Rxe8 29. Qxe8+ Kg7 30. d5 Ne5 31. Rd1 h4 32. dxc6 bxc6 33. Bxc6 hxg3 34. Bd5 Qb6 35. Rd2 gxf2+ 36. Kf1 Qe3 37. Re2 Qxh3+ 38. Bg2 Qd3 39. Bd5 Bh4 40. Qc8 Qd1+ 41. Kg2 f1=Q+ 0-1


[Site "https://www.chess.com"]

[Event "Titled Tuesday Blitz July 4 Early 2023"]
[White "Czopor, Maciej"]
[Black "Lenderman, Aleksandr"]
[WhiteFideId "21805431"]
[BlackFideId "2021285"]
[WhiteElo "2695"]
[BlackElo "2925"]
[Result "1-0"]
[Round "4"]
[TimeControl "180+2"]
[Date "2023.07.04"]
[WhiteClock "0:00:36"]
[BlackClock "0:01:17"]
[Board "16"]

1. c4 c6 2. Nc3 d5 3. d4 Nf6 4. Nf3 Bf5 5. e3 e6 6. Qb3 Qb6 7. c5 Qc7 8. Be2 h6 9. O-O Nbd7 10. Qa4 Be7 11. b4 O-O 12. b5 Ne4 13. Nxe4 Bxe4 14. Bd2 Rfb8 15. Rfc1 Bf6 16. Ba5 Qc8 17. Nd2 Bg6 18. f4 Bd8 19. Bxd8 Qxd8 20. Nf3 Qc7 21. Ne5 Nxe5 22. fxe5 cxb5 23. Qxb5 b6 24. c6 a6 25. Qb4 b5 26. Qd6 Rc8 27. a4 bxa4 28. Rxa4 a5 29. Qxc7 Rxc7 30. Rc5 f5 31. Kf2 Be8 32. Raxa5 Rxa5 33. Rxa5 Rxc6 34. Ra8 Kf7 35. Bh5+ g6 36. Bxg6+ Kxg6 37. Rxe8 Kf7 38. Rh8 Kg7 39. Rd8 Rc7 40. Kf3 Re7 41. h3 Kh7 42. Rf8 Kg7 43. Rf6 Re8 44. g4 fxg4+ 45. Kxg4 1-0


[Site "https://www.chess.com"]

[Event "Titled Tuesday Blitz July 4 Early 2023"]
[White "Svane, Rasmus"]
[Black "Koellner, Ruben Gideon"]
[WhiteFideId "4657101"]
[BlackFideId "12993093"]
[WhiteElo "2922"]
[BlackElo "2670"]
[Result "1-0"]
[Round "4"]
[TimeControl "180+2"]
[Date "2023.07.04"]
[WhiteClock "0:00:05"]
[BlackClock "0:00:00"]
[Board "17"]

1. Nf3 d5 2. g3 Nd7 3. d4 Nb6 4. Nc3 Nf6 5. Bg2 Bf5 6. Nh4 Bg4 7. h3 Bh5 8. g4 Bg6 9. Nxg6 hxg6 10. e4 e6 11. e5 Nfd7 12. Ne2 c5 13. c3 cxd4 14. cxd4 Bb4+ 15. Kf1 Rc8 16. a3 Be7 17. Bd2 Nb8 18. f4 Qd7 19. Bf3 Qa4 20. b3 Qa6 21. Kg2 Qd3 22. Ba5 Qxd1 23. Rhxd1 Kd7 24. Rd2 Nc6 25. Bc3 a5 26. Rb2 Rc7 27. Bd2 a4 28. bxa4 Nc4 29. Rba2 Ra8 30. a5 N6xa5 31. Bxa5 Rxa5 32. a4 Rc8 33. Rb1 b6 34. Kg3 Rca8 35. Nc3 g5 36. f5 f6 37. fxe6+ Kxe6 38. Rb5 Rxb5 39. axb5 Rxa2 40. Bxd5+ Kd7 41. Nxa2 Ne3 42. Bb3 fxe5 43. dxe5 Bc5 44. Kf3 Nf1 45. Bd5 Nd2+ 46. Ke2 Nb1 47. Kd3 Na3 48. Nc3 Bb4 49. Bc6+ Ke6 50. Nd5 Bc5 51. Ke4 Nc4 52. Nc7+ Ke7 53. Kf5 Be3 54. Nd5+ Kf8 55. e6 Bc5 56. Kxg5 Ne5 57. Kf5 Nc4 58. h4 Nd6+ 59. Kg6 Nc8 60. g5 Ne7+ 61. Nxe7 Bxe7 62. h5 Bc5 63. Bd5 Bd4 64. Bc4 Ke7 65. Kh7 Kf8 66. h6 gxh6 67. gxh6 Bf6 68. Kg6 Bd4 69. Bb3 Bc3 70. Bc2 Bb2 71. Bd3 Bc3 72. Kh7 Bf6 73. Bc4 Bg5 74. Kg6 Bd2 75. e7+ Kxe7 76. Kg7 1-0


[Site "https://www.chess.com"]

[Event "Titled Tuesday Blitz July 4 Early 2023"]
[White "Palczert, Matyas"]
[Black "Durarbayli, Vasif"]
[WhiteFideId "784958"]
[BlackFideId "13402935"]
[WhiteElo "2598"]
[BlackElo "2919"]
[Result "0-1"]
[Round "4"]
[TimeControl "180+2"]
[Date "2023.07.04"]
[WhiteClock "0:00:00"]
[BlackClock "0:00:05"]
[Board "18"]

1. e4 c5 2. Nf3 d6 3. d4 cxd4 4. Nxd4 Nf6 5. Nc3 Nc6 6. Bg5 Qb6 7. Nb3 e6 8. Bxf6 gxf6 9. Qd2 a6 10. O-O-O h5 11. Kb1 Bd7 12. f4 O-O-O 13. Bd3 Kb8 14. Rhf1 Na5 15. f5 Bh6 16. Qe2 Bg5 17. Nd2 Rc8 18. Nc4 Nxc4 19. Bxc4 h4 20. Bb3 Rhd8 21. fxe6 fxe6 22. Qd3 Rc6 23. Qh3 Bc8 24. Rd3 d5 25. exd5 exd5 26. Qf3 d4 27. Nd5 Qc5 28. Rfd1 Rcd6 29. Rxd4 Be6 30. c3 a5 31. Nf4 Bxb3 32. axb3 Qf5+ 33. Nd3 Qxf3 34. gxf3 Rxd4 35. cxd4 Rxd4 36. Kc2 h3 37. Nf2 Rh4 38. Rg1 Be3 39. Rg4 Bxf2 40. Rg8+ Ka7 41. Kd3 Bd4 42. b4 axb4 43. b3 Be5 44. Rg1 Bxh2 0-1


[Site "https://www.chess.com"]

[Event "Titled Tuesday Blitz July 4 Early 2023"]
[White "Vokhidov, Shamsiddin"]
[Black "Gavrilov, Maxim"]
[WhiteFideId "14204223"]
[BlackFideId "24271454"]
[WhiteElo "2917"]
[BlackElo "2560"]
[Result "1/2-1/2"]
[Round "4"]
[TimeControl "180+2"]
[Date "2023.07.04"]
[WhiteClock "0:02:43"]
[BlackClock "0:01:48"]
[Board "19"]

1. e4 c5 2. Nf3 d6 3. d4 cxd4 4. Nxd4 Nf6 5. Nc3 a6 6. a4 e5 7. Nf3 Be7 8. Bg5 O-O 9. Bxf6 Bxf6 10. Nd5 Be6 11. c3 Nc6 12. Nxf6+ Qxf6 13. Qxd6 Rfd8 14. Qc5 Qg6 15. Qe3 Rd7 16. Qg5 Qxe4+ 17. Qe3 Qc2 18. Qc1 Qe4+ 19. Qe3 Qc2 20. Qc1 Qe4+ 21. Qe3 1/2-1/2


[Site "https://www.chess.com"]

[Event "Titled Tuesday Blitz July 4 Early 2023"]
[White "Ismagilov, Damir"]
[Black "Dardha, Daniel"]
[WhiteFideId "34199982"]
[BlackFideId "240990"]
[WhiteElo "2554"]
[BlackElo "2916"]
[Result "1-0"]
[Round "4"]
[TimeControl "180+2"]
[Date "2023.07.04"]
[WhiteClock "0:00:14"]
[BlackClock "0:00:00"]
[Board "20"]

1. e4 c6 2. Nf3 d5 3. d3 g6 4. g3 dxe4 5. dxe4 Qxd1+ 6. Kxd1 Bg4 7. Bg2 Nf6 8. Nd2 Bh6 9. h3 Bxf3+ 10. Bxf3 Nbd7 11. Nb3 Bxc1 12. Rxc1 Ne5 13. Bg2 g5 14. Ke2 e6 15. Nc5 Ke7 16. Rhd1 b6 17. Nd3 Nfd7 18. b3 h5 19. c4 c5 20. Nxe5 Nxe5 21. f4 gxf4 22. gxf4 Rag8 23. Bf3 Nc6 24. Rg1 h4 25. e5 Nd4+ 26. Kf2 Rg3 27. Rxg3 hxg3+ 28. Kxg3 Nxf3 29. Kxf3 Rxh3+ 30. Kg2 Rd3 31. Rc2 f6 32. Kf2 Kf7 33. Re2 f5 34. Re3 Rd4 35. Kf3 Kg6 36. Re2 Rd3+ 37. Re3 Rxe3+ 38. Kxe3 Kh5 39. Kf3 Kh4 40. a3 a5 41. Ke3 1-0


[Site "https://www.chess.com"]

[Event "Titled Tuesday Blitz July 4 Early 2023"]
[White "Leebit02"]
[Black "Aravindh, Chithambaram VR."]
[BlackFideId "5072786"]
[WhiteElo "2522"]
[BlackElo "2914"]
[Result "1-0"]
[Round "4"]
[TimeControl "180+2"]
[Date "2023.07.04"]
[WhiteClock "0:00:07"]
[BlackClock "0:00:00"]
[Board "21"]

1. e4 c6 2. d4 d5 3. Nc3 dxe4 4. Nxe4 Nf6 5. Nxf6+ exf6 6. c3 Bd6 7. Bd3 O-O 8. Qc2 Re8+ 9. Ne2 h5 10. O-O Nd7 11. Nf4 h4 12. Qd1 Qc7 13. g3 Nf8 14. Qh5 hxg3 15. hxg3 c5 16. Kg2 Bxf4 17. Rh1 Ng6 18. Bxf4 Qd7 19. dxc5 Nxf4+ 20. gxf4 Qg4+ 21. Qxg4 Bxg4 22. Rhe1 Red8 23. Be4 Rac8 24. b4 b6 25. f3 Bd7 26. cxb6 axb6 27. Rac1 Be6 28. Rc2 f5 29. Bb7 Rc7 30. Ba6 Ra8 31. Bb5 Rxa2 32. Rxa2 Bxa2 33. c4 g6 34. Rc1 Kg7 35. Rc3 Bb1 36. Kf2 Kf6 37. Ke3 1-0


[Site "https://www.chess.com"]

[Event "Titled Tuesday Blitz July 4 Early 2023"]
[White "Erdogmus, Yagiz Kaan"]
[Black "Jimenez Jimenez, Leandro"]
[WhiteFideId "44599790"]
[BlackFideId "6415253"]
[WhiteElo "2905"]
[BlackElo "2474"]
[Result "1-0"]
[Round "4"]
[TimeControl "180+2"]
[Date "2023.07.04"]
[WhiteClock "0:00:07"]
[BlackClock "0:00:04"]
[Board "22"]

1. e4 e5 2. Nf3 Nc6 3. Bc4 Bc5 4. c3 Nf6 5. d3 d6 6. h3 a6 7. O-O Ba7 8. a4 h6 9. Re1 Qe7 10. Nbd2 Rg8 11. Nf1 g5 12. g4 Be6 13. Be3 h5 14. Bxa7 Nxa7 15. N3h2 hxg4 16. hxg4 Rh8 17. b4 Rh4 18. f3 Bxc4 19. dxc4 Nc6 20. Ne3 Qe6 21. a5 Ne7 22. Re2 Ng6 23. Nf5 Rh7 24. Nf1 Nf4 25. Rh2 Qxc4 26. Rxh7 Nxh7 27. N1e3 Qe2 28. Qxe2 Nxe2+ 29. Kf2 Nxc3 30. Rh1 Nf8 31. Rh5 O-O-O 32. Rxg5 Ne6 33. Rh5 d5 34. exd5 Nf4 35. Rh7 Ncxd5 36. Rxf7 Nxb4 37. g5 Kb8 38. Nc4 Nc6 39. Nfe3 Rg8 40. Rf5 Nd3+ 41. Kf1 Nd4 42. Rf7 Rxg5 43. Nd5 Nc6 44. Nxc7 Nc5 45. Nd5 Rg8 46. Nf6 Rd8 47. Kf2 Nb3 48. Nd7+ Ka7 49. Ke3 Nbxa5 50. Nxa5 Nxa5 51. Nxe5 Nc4+ 52. Nxc4 Rc8 53. Nd6 Rb8 54. f4 Kb6 55. f5 Kc5 56. Nxb7+ Kd5 57. Kf4 Rh8 58. Na5 Rh4+ 59. Kg5 Ra4 60. Rd7+ Ke5 61. Nc6+ Ke4 62. f6 Ra1 63. f7 Rg1+ 64. Kf6 Rf1+ 65. Ke7 a5 66. f8=Q a4 67. Qxf1 a3 68. Rd4+ Ke3 69. Qf4+ Ke2 70. Rd2+ Ke1 71. Qf2# 1-0


[Site "https://www.chess.com"]

[Event "Titled Tuesday Blitz July 4 Early 2023"]
[White "Nihal Sarin"]
[Black "Guliev, Logman"]
[WhiteFideId "25092340"]
[BlackFideId "13400061"]
[WhiteElo "3125"]
[BlackElo "2511"]
[Result "1-0"]
[Round "4"]
[TimeControl "180+2"]
[Date "2023.07.04"]
[WhiteClock "0:01:48"]
[BlackClock "0:00:49"]
[Board "23"]

1. d4 Nf6 2. c4 e6 3. Nc3 Bb4 4. g4 Nxg4 5. Nf3 Nf6 6. Rg1 Bf8 7. e4 d6 8. Qc2 Nc6 9. e5 Nh5 10. Bg5 Be7 11. O-O-O h6 12. Be3 d5 13. a3 Na5 14. Nd2 Nxc4 15. Nxc4 dxc4 16. Be2 g6 17. Rxg6 fxg6 18. Qxg6+ Kd7 19. d5 Qg8 20. dxe6+ Kc6 21. Qe4# 1-0


[Site "https://www.chess.com"]

[Event "Titled Tuesday Blitz July 4 Early 2023"]
[White "Talibov, Shiroghlan"]
[Black "Deac, Bogdan-Daniel"]
[WhiteFideId "13429078"]
[BlackFideId "1226380"]
[WhiteElo "2800"]
[BlackElo "3007"]
[Result "0-1"]
[Round "4"]
[TimeControl "180+2"]
[Date "2023.07.04"]
[WhiteClock "0:00:00"]
[BlackClock "0:00:04"]
[Board "24"]

1. e4 Nf6 2. Nc3 d5 3. e5 Nfd7 4. d4 Nb6 5. f4 h5 6. Bd3 Bg4 7. Nce2 e6 8. h3 Bxe2 9. Qxe2 Qh4+ 10. Qf2 Qxf2+ 11. Kxf2 c5 12. Nf3 cxd4 13. Nxd4 Nc6 14. Be3 Bc5 15. Nb5 Bxe3+ 16. Kxe3 Ke7 17. c3 g5 18. g3 h4 19. g4 gxf4+ 20. Kxf4 Nd7 21. Rae1 Nc5 22. Bb1 Rac8 23. Rhf1 Nd7 24. g5 Rhg8 25. Bd3 Ncxe5 26. Rxe5 Nxe5 27. Kxe5 Rxg5+ 28. Kf4 Rg3 29. Rf3 Rg2 30. Nxa7 Ra8 31. Nb5 Rxb2 32. a3 f6 33. Kg4 Rg2+ 34. Kf4 e5+ 35. Ke3 Rg3 36. Be2 Ra5 37. Rxg3 hxg3 38. Kf3 f5 39. Kxg3 Kf6 40. h4 f4+ 41. Kf3 b6 42. c4 dxc4 43. Bxc4 Ra4 44. Bd3 Ra8 45. Nd6 Rd8 46. Ne4+ Ke7 47. Bb5 Ke6 48. h5 Kf5 49. Bf1 Ke6 50. Bh3+ Kf7 51. Bf5 Rd3+ 52. Kg4 Rxa3 53. h6 Ra1 54. Ng5+ Kf6 55. Ne4+ Ke7 56. h7 Rh1 57. Ng5 Kf6 58. Nf3 Rh6 59. Nd2 b5 60. Ne4+ Kg7 61. Nc5 b4 62. Kf3 Rh4 63. Ke4 f3+ 64. Kxf3 Rf4+ 65. Ke3 Rxf5 66. Ke4 Rh5 67. Nd3 b3 0-1


[Site "https://www.chess.com"]

[Event "Titled Tuesday Blitz July 4 Early 2023"]
[White "Pranav, V"]
[Black "Gorovets, Andrey"]
[WhiteFideId "25060783"]
[BlackFideId "13504037"]
[WhiteElo "2999"]
[BlackElo "2758"]
[Result "1-0"]
[Round "4"]
[TimeControl "180+2"]
[Date "2023.07.04"]
[WhiteClock "0:00:09"]
[BlackClock "0:00:00"]
[Board "26"]

1. e4 d5 2. exd5 Qxd5 3. Nc3 Qd6 4. d4 Nf6 5. Nf3 c6 6. g3 Bf5 7. Bf4 Qd8 8. Bg2 e6 9. O-O h6 10. Re1 Be7 11. Ne5 Nbd7 12. Qe2 O-O 13. Rad1 Rc8 14. a3 Re8 15. Nc4 Nb6 16. Ne5 Nbd5 17. Bc1 Bh7 18. Na2 b5 19. b3 b4 20. axb4 Nxb4 21. c3 Nxa2 22. Qxa2 Qb6 23. b4 Nd5 24. Bd2 Ra8 25. Ra1 Rec8 26. h4 a6 27. Qc4 Qb5 28. Qa2 Qb6 29. Qa4 Qb7 30. Qd1 Bd6 31. Nc4 Bc7 32. Qg4 Kh8 33. Qf3 Kg8 34. h5 Ra7 35. Bf1 Rca8 36. Na5 Bxa5 37. Rxa5 Nf6 38. Bf4 Bf5 39. Bd6 Bg4 40. Qf4 Qd7 41. Be5 Bf5 42. Bxf6 gxf6 43. Qxh6 Qd8 44. Bg2 Rc7 45. Be4 Bxe4 46. Rxe4 f5 47. Re3 Rd7 48. g4 Rd5 49. gxf5 1-0


[Site "https://www.chess.com"]

[Event "Titled Tuesday Blitz July 4 Early 2023"]
[White "Khismatullin, Denis"]
[Black "Williams, Simon K"]
[WhiteFideId "4142578"]
[BlackFideId "404454"]
[WhiteElo "2983"]
[BlackElo "2696"]
[Result "1-0"]
[Round "4"]
[TimeControl "180+2"]
[Date "2023.07.04"]
[WhiteClock "0:00:59"]
[BlackClock "0:00:11"]
[Board "27"]

1. d4 e6 2. c4 f5 3. g3 Nf6 4. Nf3 Be7 5. Bg2 O-O 6. O-O d6 7. Nc3 a5 8. Qc2 Nc6 9. Rd1 Qe8 10. a3 e5 11. dxe5 dxe5 12. Nd5 Bc5 13. Nxc7 Qh5 14. Nxa8 f4 15. Rd5 Bf5 16. Qd1 Ba7 17. Nc7 fxg3 18. hxg3 Ng4 19. c5 Be4 20. Ne6 Re8 21. Neg5 Bxf3 22. exf3 Qh2+ 23. Kf1 Nf6 24. b4 Nd4 25. Rxd4 exd4 26. Qb3+ Kh8 27. Nf7+ Kg8 28. Nh6+ Kh8 29. Qg8+ Rxg8 30. Nf7# 1-0


[Site "https://www.chess.com"]

[Event "Titled Tuesday Blitz July 4 Early 2023"]
[White "Amburgy, Ryan"]
[Black "Xiong, Jeffery"]
[WhiteFideId "30924820"]
[BlackFideId "2047640"]
[WhiteElo "2688"]
[BlackElo "2925"]
[Result "0-1"]
[Round "4"]
[TimeControl "180+2"]
[Date "2023.07.04"]
[WhiteClock "0:00:17"]
[BlackClock "0:00:45"]
[Board "28"]

1. d4 d5 2. c4 e6 3. Nc3 Nf6 4. Nf3 c6 5. g3 dxc4 6. Bg2 Nbd7 7. O-O b5 8. e4 Bb7 9. e5 Nd5 10. Ng5 h6 11. Nge4 N7b6 12. a4 Nxc3 13. Nxc3 a6 14. f4 Be7 15. f5 exf5 16. Rxf5 Qd7 17. Rf2 Rd8 18. Be3 O-O 19. Qh5 Qe6 20. axb5 axb5 21. Bh3 Qg6 22. Qxg6 fxg6 23. Be6+ Kh7 24. Rxf8 Bxf8 25. Ra7 Bc8 26. Bxc8 Nxc8 27. Rc7 Ne7 28. Bf2 Rc8 29. Rd7 b4 30. Ne4 Nd5 31. Be1 Be7 32. Kf2 Kg8 33. Ke2 Ra8 34. Nd6 Bxd6 35. Rxd6 Ra2 36. Rxc6 c3 37. Kd3 cxb2 38. Kc2 Ra1 39. Kxb2 Rxe1 40. Rd6 Ne3 41. Kb3 Rb1+ 42. Ka2 Rd1 43. Kb3 Nf5 44. Rd8+ Kf7 45. d5 Ke7 46. Rb8 Rxd5 47. Kxb4 Rxe5 48. Kc3 Re2 49. g4 Nd6 50. Ra8 Rxh2 51. Ra7+ Kf6 52. Ra6 Ke5 53. Ra7 Rg2 54. Rxg7 Rxg4 55. Rh7 h5 56. Kd3 h4 57. Ke3 Nf5+ 58. Kf3 Rg3+ 59. Kf2 Kf4 0-1


[Site "https://www.chess.com"]

[Event "Titled Tuesday Blitz July 4 Early 2023"]
[White "Timerkhanov, Alexander"]
[Black "Zhigalko, Sergei"]
[WhiteFideId "24177938"]
[BlackFideId "13502956"]
[WhiteElo "2679"]
[BlackElo "2898"]
[Result "0-1"]
[Round "4"]
[TimeControl "180+2"]
[Date "2023.07.04"]
[WhiteClock "0:00:02"]
[BlackClock "0:00:06"]
[Board "29"]

1. d4 Nf6 2. Bg5 d5 3. Nd2 Nbd7 4. Ngf3 b6 5. e3 Bb7 6. Bd3 e6 7. Ne5 Be7 8. f4 O-O 9. Bxf6 Nxf6 10. Qf3 Bd6 11. O-O c5 12. c3 a5 13. g4 Ba6 14. Bxa6 Rxa6 15. a4 Bxe5 16. fxe5 Nd7 17. e4 Nb8 18. exd5 Qxd5 19. Qxd5 exd5 20. Nb3 Nc6 21. dxc5 Nxe5 22. Rad1 Nxg4 23. Rfe1 bxc5 24. Nxc5 Rg6 25. Rd2 Ne5+ 26. Kf2 Rf6+ 27. Ke2 Nf3 28. Nd7 Re8+ 29. Kf2 Nxe1+ 30. Nxf6+ gxf6 31. Rxd5 Re5 32. Rd1 Nc2 33. Rd2 Ne3 34. b4 axb4 35. cxb4 Re4 36. Kf3 f5 37. a5 Nc4 38. Rd8+ Kg7 39. Rb8 Ne5+ 40. Kf2 Nc6 41. Rb6 Nxb4 42. a6 Nd3+ 43. Kf3 Ne5+ 44. Kg3 Rg4+ 45. Kh3 Ra4 46. Rb5 Ra3+ 47. Kg2 Ng4 48. Rb6 f4 49. h3 f3+ 50. Kg3 f2+ 51. Kg2 Ra1 0-1


[Site "https://www.chess.com"]